[Event "Rapid Tournament (RAP)"]
[Site "Biel, Switzerland"]
[Date "2026.07.12"]
[Round "7.37"]
[White "Materia, Mario"]
[Black "Alrefae, Ahmad"]
[Result "0-1"]
[TimeControl "15 + 5"]
[WhiteTitle "-"]
[BlackTitle "-"]
[WhiteFideId "651082241"]
[BlackFideId "10306510"]
[WhiteElo "1914"]
[BlackElo "1797"]

1. d4 f5 2. Nf3 e6 3. c4 Nf6 4.
h3 b6 5. Bf4 Bb7 6. e3 Bd6 7. Bxd6 cxd6 8. Nc3 O-O 9. Bd3 d5 10. cxd5 Nxd5 11. O-O Nf6 12. Rc1 Nc6 13. a3 Ne7 14. Ne5 Ng6 15. Qb3 Nh4 16. f3 Nh5 17.
Ne2 0-1

[Event "Rapid Tournament (RAP)"]
[Site "Biel, Switzerland"]
[Date "2026.07.12"]
[Round "7.38"]
[White "Duric, Ivan"]
[Black "Ivarsson, Anders"]
[Result "0-1"]
[TimeControl "15 + 5"]
[WhiteTitle "-"]
[BlackTitle "-"]
[WhiteFideId "1358138"]
[BlackFideId "1768158"]
[WhiteElo "1832"]
[BlackElo "1907"]

1. d4 Nf6 2. c4 e6 3. Nc3 Bb4 4. Qc2 b6 5. e4 Bb7 6. Bd3 d5 7. cxd5 exd5 8. e5 Ne4 9. Nge2 O-O 10.
O-O Bxc3 11. bxc3 c5 12. Bxe4 dxe4 13. dxc5 bxc5 14. Ng3 Qd5 15. c4 Qxe5 16. Bb2 Qe6 17. Rfe1 f5 18. Rab1 Ba6 19.
Qc3 Rf7 20. Rbc1 Nc6 21. Nh5 Nd4 22. Nf4 Qh6 23. Qg3 Rd8 24. f3 Qb6 25. Ba1 exf3 26. Bxd4 cxd4 27. Qxf3 d3+ 28. Kh1 d2 29.
Qe2 dxc1=Q 30. Rxc1 Qd6 31.
Qf1 Bb7 32. Ne2 f4 33. c5 Qd2 34. Ng1 f3 35. gxf3 Qe3 36. c6 Bc8 37. Re1 Qc5 38. Rc1 Qf8 39. c7 Rd2 40. Qc4 Kh8 41.
Qc3 Qd6 42. Re1 Qxh2# 0-1

[Event "Rapid Tournament (RAP)"]
[Site "Biel, Switzerland"]
[Date "2026.07.12"]
[Round "7.39"]
[White "Alsaqer, Meshal"]
[Black "Paholok, Igor"]
[Result "1-0"]
[TimeControl "15 + 5"]
[WhiteTitle "-"]
[BlackTitle "-"]
[WhiteFideId "10301771"]
[BlackFideId "1338951"]
[WhiteElo "1903"]
[BlackElo "1784"]

1. d4 g6 2. Nf3 Bg7 3. Bf4 d6 4. e3 Nf6 5. h3 O-O 6. Be2 b6 7. O-O Bb7 8.
c3 Nbd7 9. a4 c5 10. Re1 Nh5 11. Bh2 f5 12. Ng5 Rf6 13. Bxh5 gxh5 14. Qb3+ d5 15. Nf3 c4 16. Qc2 e6 17. Nbd2 Rg6 18. b3 Rc8 19. Kh1 Kh8 20.
b4 Bf6 21. b5 Qe7 22. a5 Rcg8 23. Rg1 Qg7 24. axb6 axb6 25. g3 e5 26. Qxf5 exd4 27. exd4 Bc8 28. Ra8 Nb8 29. Qf4 Bxh3 30. Rxb8 h4 31. Rxg8+ Qxg8 32. Nxh4 Bxh4 33. Qxh4 Bg4 34.
f3 Bf5 35. g4 Bd3 36. Be5+ Rg7 37. Qf6 Qf7 38. Qxf7 1-0

[Event "Rapid Tournament (RAP)"]
[Site "Biel, Switzerland"]
[Date "2026.07.12"]
[Round "7.40"]
[White "Jehnichen, Kai"]
[Black "Schmied, Stefan"]
[Result "1-0"]
[TimeControl "15 + 5"]
[WhiteTitle "-"]
[BlackTitle "-"]
[WhiteFideId "24684333"]
[BlackFideId "1335804"]
[WhiteElo "1903"]
[BlackElo "1778"]

1. e4 c6 2. Nc3 d5 3. Nf3 Bg4 4. h3 Bxf3 5. Qxf3 e6 6. Be2 Nf6 7. O-O Nxe4 8. Nxe4 dxe4 9. Qxe4 Nd7 10. d4 Nf6 11. Qd3 Be7 12. a4 O-O 13. Rd1 Qc7 14.
Bf3 Rfd8 15. Qe2 c5 16. Be3 Rac8 17. c3 cxd4 18. Bxd4 b6 19. a5 Bc5 20. Bxf6 gxf6 21. a6 Qe5 22.
Qxe5 fxe5 23. Bb7 Rb8 24. b4 Be7 25. Kf1 Bf6 26. c4 Rd4 27. Rxd4 exd4 28. Rc1 Kf8 29. Ke2 Ke7 30. f4 Kd6 31. Kd3 h5 32. g4 hxg4 33.
c5+ bxc5 34. bxc5+ Kc7 35. hxg4 Rh8 36. g5 Rh3+ 37. Kc4 Bg7 38. Be4 Ra3 39. Bb7 Rc3+ 40. Rxc3 dxc3 41. Be4 Bh8 42.
Bc2 Kc6 43. Ba4+ Kc7 44. Kd3 Bg7 45.
Be8 f5 46. c6 Kb6 47. Bd7 Kxa6 48. c7 Kb7 49. c8=Q+ 1-0

[Event "Rapid Tournament (RAP)"]
[Site "Biel, Switzerland"]
[Date "2026.07.12"]
[Round "7.41"]
[White "Di Meo, Quentin"]
[Black "Kwiatkowski, Maciej"]
[Result "0-1"]
[TimeControl "15 + 5"]
[WhiteTitle "-"]
[BlackTitle "-"]
[WhiteFideId "1338498"]
[BlackFideId "1360175"]
[WhiteElo "1828"]
[BlackElo "1902"]

1. c4 Nf6 2. Nc3 e6 3.
g3 d5 4.
cxd5 exd5 5. Bg2 Be7 6. d3 O-O 7.
Nf3 c6 8. O-O Nbd7 9. Bd2 Nc5 10. a3 d4 11. Na4 Ne6 12. b4 Nd5 13. Rc1 b5 14. Nc5 Nxc5 15. bxc5 Bf6 16. Ne1 Re8 17.
Nc2 a5 18. e4 dxe3 19. Bxe3 Nc3 20. Qd2 Nd5 21. d4 Bf5 22. Rfe1 Qd7 23. Re2 Rab8 24. Rce1 Bg4 25. f3 Bf5 26.
Bf2 Rxe2 27. Rxe2 b4 28. axb4 axb4 29. f4 b3 30. Ne3 Nxe3 31. Qxe3 b2 32. Be4 Bxe4 33. Qxe4 b1=Q+ 0-1

[Event "Rapid Tournament (RAP)"]
[Site "Biel, Switzerland"]
[Date "2026.07.12"]
[Round "7.42"]
[White "Groux, Mathias"]
[Black "Trubini, Timon"]
[Result "0-1"]
[TimeControl "15 + 5"]
[WhiteTitle "-"]
[BlackTitle "-"]
[WhiteFideId "1360752"]
[BlackFideId "1347799"]
[WhiteElo "1813"]
[BlackElo "1896"]

1. e4 c5 2. c3 d5 3.
exd5 Qxd5 4. d4 cxd4 5. cxd4 Nc6 6.
Nf3 Bg4 7. Be2 e6 8. O-O Nf6 9. Nc3 Qd7 10. Bf4 Be7 11. Nb5 Nd5 12. Be3 O-O 13. h3 Bf5 14. Rc1 Rad8 15. a3 a6 16.
Nc3 Bd6 17. Nh4 Bc7 18. Nxf5 exf5 19. Nxd5 Qxd5 20. Rc5 Qd6 21. g3 Bb6 22. Rxf5 Nxd4 23. Rf4 Nxe2+ 24. Qxe2 Rfe8 25. Qc4 Rxe3 26.
Qxf7+ Kh8 27. fxe3 Bxe3+ 28. R1f2 Bxf2+ 29. Rxf2 Qxg3+ 30. Rg2 Rd1+ 0-1

[Event "Rapid Tournament (RAP)"]
[Site "Biel, Switzerland"]
[Date "2026.07.12"]
[Round "7.43"]
[White "Berezovskii, Arina"]
[Black "Boyer, Jean-Francois"]
[Result "1-0"]
[TimeControl "15 + 5"]
[WhiteTitle "-"]
[BlackTitle "-"]
[WhiteFideId "34449850"]
[BlackFideId "650226"]
[WhiteElo "1895"]
[BlackElo "1749"]

1. e4 e5 2. Nf3 Nc6 3.
Bb5 Nf6 4. O-O Nxe4 5. d4 Nd6 6. Bxc6 dxc6 7. dxe5 Nf5 8. Qxd8+ Kxd8 9. Nc3 Be7 10. h3 h5 11. Bf4 Be6 12.
Ng5 Ke8 13. Nxe6 fxe6 14. Rad1 Rd8 15. Ne4 Rxd1 16. Rxd1 Rg8 17. Ng5 Bc5 18. Nxe6 Bb6 19. Rd8+ Kf7 20. Ng5+ 1-0

[Event "Rapid Tournament (RAP)"]
[Site "Biel, Switzerland"]
[Date "2026.07.12"]
[Round "7.44"]
[White "Mueller, Ladina"]
[Black "Varela Tavares, Goncalo"]
[Result "0-1"]
[TimeControl "15 + 5"]
[WhiteTitle "-"]
[BlackTitle "-"]
[WhiteFideId "1351907"]
[BlackFideId "1344773"]
[WhiteElo "1807"]
[BlackElo "1880"]

1. c4 c5 2. Nc3 b6 3. Nf3 Bb7 4. e3 Nf6 5. g3 g6 6. Bg2 Bg7 7. O-O O-O 8. Qc2 Nc6 9. b3 d5 10.
cxd5 Nb4 11. Qb1 Nbxd5 12. Nxd5 Bxd5 13. Bb2 Be4 14. Qc1 Rc8 15. Rd1 Qd5 16. Ne1 Bxg2 17. Nxg2 c4 18. Nf4 Qe4 19.
Qb1 Qf3 20. bxc4 Rxc4 21. d3 Ng4 22. Rd2 Rb4 23. Qc1 Bxb2 24. Rxb2 Rxb2 25. Qxb2 Rc8 26. h3 Nf6 27. Rc1 Rxc1+ 28. Qxc1 g5 29. Ng2 Qf5 30. Qa3 Kf8 31. Qxa7 Qxh3 32. Qxb6 Ng4 33. Qd8+ Kg7 34. Qd4+ f6 35. Qe4 Kf7 36.
a4 h5 37. a5 Qh2+ 38. Kf1 Qh1+ 39. Ke2 Qa1 40. Qb4 Qa2+ 41. Qd2 Qd5 42. e4 Qc5 43. Ne3 Nxe3 44. d4 Qb5+ 45. Kxe3 h4 46.
gxh4 gxh4 47. f3 Qg5+ 0-1

[Event "Rapid Tournament (RAP)"]
[Site "Biel, Switzerland"]
[Date "2026.07.12"]
[Round "7.45"]
[White "Hajduk, Tomasz"]
[Black "Chu, Wa Ching David"]
[Result "1-0"]
[TimeControl "15 + 5"]
[WhiteTitle "-"]
[BlackTitle "-"]
[WhiteFideId "21811415"]
[BlackFideId "6013180"]
[WhiteElo "1879"]
[BlackElo "1723"]

1. e4 c5 2. Nf3 d6 3. d4 cxd4 4. Nxd4 Nf6 5. Nc3 g6 6. f3 Bg7 7. Be3 O-O 8.
Qd2 Nc6 9. O-O-O d5 10. Nxc6 bxc6 11. g4 Qa5 12. e5 Nd7 13. f4 e6 14. Kb1 c5 15. Nxd5 Qxd2 16. Ne7+ Kh8 17. Rxd2 Re8 18.
Nxc8 Raxc8 19. Rxd7 c4 20. Be2 c3 21. b3 Bf8 22. h4 Red8 23. Rhd1 Rxd7 24. Rxd7 Bc5 25. Bxc5 Rxc5 26. Rxa7 Rd5 27.
Bd3 Rd4 28. Ra4 Rd7 29. Rc4 h5 30.
gxh5 gxh5 31. a4 Kg7 32. a5 f6 33. a6 fxe5 34. fxe5 Ra7 35. Rxc3 Kh6 36. b4 Rd7 37. b5 Ra7 38. b6 Ra8 39. b7 Rb8 40. Rc8 Kg7 41. Rxb8 Kh6 42. Rc8 Kg7 43. b8=Q Kh6 44. Rh8+ Kg7 45.
Qg8# 1-0

[Event "Rapid Tournament (RAP)"]
[Site "Biel, Switzerland"]
[Date "2026.07.12"]
[Round "7.46"]
[White "Bachmann, Daniel"]
[Black "Aryan, Goyal"]
[Result "0-1"]
[TimeControl "15 + 5"]
[WhiteTitle "-"]
[BlackTitle "-"]
[WhiteFideId "1357492"]
[BlackFideId "366108825"]
[WhiteElo "1786"]
[BlackElo "1869"]

1. e4 e5 2. Nc3 Nf6 3.
f4 d5 4. fxe5 Nxe4 5. Qf3 Nxc3 6.
dxc3 Be6 7. Bf4 Nd7 8. O-O-O c6 9. Ne2 Be7 10. Nd4 O-O 11. Qg3 Bh4 12. Qe3 Bg4 13.
Be2 Bxe2 14. Qxe2 Bg5 15. g3 Re8 16. h4 Bxf4+ 17. gxf4 Nc5 18. Rdg1 Qd7 19. Qg2 g6 20. h5 Ne4 21.
hxg6 fxg6 22. e6 Rxe6 23. Nxe6 Qxe6 24. Rf1 Rf8 25. Qh2 Qe7 26. Kb1 Rf5 27. b3 Nxc3+ 28. Ka1 Qg7 29. Qh6 Ne4+ 30.
Qxg7+ Kxg7 31. Rhg1 Kf6 32. Kb2 Rh5 33. Rh1 Rxh1 34. Rxh1 h5 35. c4 Kf5 36. Rg1 d4 37. Kc2 c5 38.
Kd3 Nf2+ 39. Ke2 Nh3 40. b4 Nxg1+ 0-1

[Event "Rapid Tournament (RAP)"]
[Site "Biel, Switzerland"]
[Date "2026.07.12"]
[Round "7.47"]
[White "Grimaldi, Francois-Xavier"]
[Black "Materia, Matteo"]
[Result "0-1"]
[TimeControl "15 + 5"]
[WhiteTitle "-"]
[BlackTitle "-"]
[WhiteFideId "1367706"]
[BlackFideId "45150575"]
[WhiteElo "1783"]
[BlackElo "1868"]

1. e4 e5 2. Nf3 Nc6 3. Bc4 Nf6 4. d3 Bc5 5. c3 h6 6. O-O O-O 7. Re1 Bb6 8. h3 d6 9.
a4 a5 10. Nbd2 Qe7 11. Nf1 Be6 12. Bxe6 Qxe6 13. Be3 Bxe3 14. Nxe3 Ne7 15. Qc2 Nh5 16. d4 Nf4 17. d5 Qd7 18.
Kh2 f5 19. exf5 Nxf5 20. Nxf5 Rxf5 21. Qe4 Raf8 22. Re3 Qf7 23. Rf1 Nxd5 24. Rd3 Nf4 25. Re3 Qd5 26. Qxd5+ Nxd5 27.
Re4 Nf4 28. Nh4 R5f6 29. g3 Nd3 30. f4 exf4 31. gxf4 Rxf4 32. Rfxf4 Rxf4 33. Rxf4 Nxf4 34. Kg3 Nd3 35. b3 Nc5 36. b4 axb4 37. cxb4 Nxa4 38. Nf5 Kf7 39. Kf4 Nb6 40. Ke4 Nd7 41. Kd5 Nf6+ 42. Kd4 h5 43.
b5 g5 44. Ke3 g4 45. hxg4 hxg4 46. Kf4 Ke6 47. Ke4 d5+ 48. Kf4 c5 49. bxc6 bxc6 50. Nd4+ Kd6 51. Ke3 Ne4 52. Nf5+ Kc5 53. Kd3 g3 54.
Ne3 Kd6 55. Kd4 c5+ 56. Kd3 Ke5 57.
Ng2 c4+ 58. Ke3 d4+ 59. Ke2 c3 60. Kd3 Nc5+ 61. Kc2 Ke4 62. Ne1 Ke3 63. Ng2+ Kf2 64. Nf4 g2 65. Nxg2 Kxg2 66. Kd1 d3 67. Ke1 Nb3 68. Kd1 c2+ 0-1

[Event "Rapid Tournament (RAP)"]
[Site "Biel, Switzerland"]
[Date "2026.07.12"]
[Round "7.49"]
[White "Filimonov, Arsenii"]
[Black "Gheorghiu, Alexandru"]
[Result "0-1"]
[TimeControl "15 + 5"]
[WhiteTitle "-"]
[BlackTitle "-"]
[WhiteFideId "34171584"]
[BlackFideId "1363573"]
[WhiteElo "1843"]
[BlackElo "1647"]

1. e4 c6 2. d4 d5 3. exd5 cxd5 4. Bd3 Nc6 5. c3 Nf6 6. Bf4 h6 7. h3 e6 8. Nf3 Bd6 9. Bxd6 Qxd6 10. Qe2 O-O 11. O-O Re8 12. Re1 Nh5 13. Ne5 Nf4 14. Qf3 f6 15. Qxf4 fxe5 16. dxe5 Qc7 17.
Nd2 Qb6 18. Nb3 Rf8 19. Qg3 Bd7 20. Re2 g5 21. h4 Qd8 22. Nc5 Rf7 23. Nxb7 Qe7 24. Nd6 Rg7 25. h5 Rf8 26. Rf1 Rf4 27.
Nb5 Be8 28. Qh2 Rgf7 29. Nd6 Rf8 30. Nxe8 Qxe8 31. g3 Rf3 32. Bb5 Qc8 33. Bxc6 Qxc6 34. Re3 Rxe3 35. fxe3 Rxf1+ 36. Kxf1 Qc4+ 37. Kg1 Qxa2 38. Qc2 Kf8 39. Qf2+ Ke8 40. Kh2 a5 41.
Qe2 Qc4 42. Qc2 g4 43. Qg6+ Kd8 44. Qg8+ Kd7 45. Qf7+ Kd8 46. Qf8+ Kc7 47. Qd6+ Kb7 48. Qd7+ Kb8 49. Qe8+ Kb7 50.
Qf7+ Kb8 51. Qf2 a4 52. Kg1 Qe4 53. Qf8+ Kb7 54. Qe7+ Kb8 55. Qe8+ Kb7 56. Qb5+ Ka7 57. Qc5+ Ka6 58.
Qc8+ Kb5 59. Qb7+ Kc4 60. Qa6+ Kb3 61. Qb5+ Ka2 62. Qe2 Qb1+ 63. Kf2 Qxb2 64. e4 Qxe2 65. Kxe2 dxe4 66. c4 Kb3 67. c5 a3 68. c6 a2 69. c7 a1=Q 70. c8=Q Qb2+ 71. Kf1 Qb1+ 72. Ke2 Qd3+ 73. Kf2 e3+ 74. Kg2 Qd2+ 75. Kh1 Qd1+ 76.
Kg2 Qc2+ 77. Qxc2+ Kxc2 78. Kf1 Kd2 79. Kg2 e2 80. Kf2 e1=Q 81. Kg2 Qe2 82. Kg1 Ke3 83. Kh1 Kf3 84. Kg1 Kxg3 85. Kh1 Kh3 86. Kg1 g3 87. Kh1 g2+ 88. Kg1 Qf1# 0-1

[Event "Rapid Tournament (RAP)"]
[Site "Biel, Switzerland"]
[Date "2026.07.12"]
[Round "7.50"]
[White "Martin, Gerome"]
[Black "Radovcic, Branimir"]
[Result "0-1"]
[TimeControl "15 + 5"]
[WhiteTitle "-"]
[BlackTitle "-"]
[WhiteFideId "1360817"]
[BlackFideId "14595346"]
[WhiteElo "1757"]
[BlackElo "1840"]

1. d4 Nf6 2. c4 c5 3. d5 b5 4. cxb5 a6 5. e3 axb5 6. Be2 Bb7 7. Bf3 d6 8. Ne2 g6 9. Qb3 Ba6 10.
O-O Bg7 11. e4 Nbd7 12. Re1 O-O 13. a3 Qb6 14. Be3 Rfb8 15. Nbc3 Ne5 16. Qc2 Nxf3+ 17. gxf3 Nd7 18. f4 Qc7 19.
h4 b4 20. axb4 cxb4 21. Bd4 Bxe2 22. Bxg7 Kxg7 23. Qxe2 bxc3 24. Rac1 Ra2 25. Rxc3 Qxc3 26. bxc3 Rxe2 27. Rxe2 Rc8 28.
Rc2 Nb6 29. Kg2 Na4 30. c4 Nc5 31. Kf3 Nb3 32. Ke3 Kf6 33. Rc3 Nc5 34. Kd4 Ra8 35. e5+ Kf5 36. exd6 exd6 37. Re3 Ra2 38.
Re7 Kf6 39. Rc7 Rxf2 40. Rxc5 dxc5+ 41. Kxc5 Ke7 42. Kc6 Kd8 43. d6 Rxf4 44. c5 Rxh4 45. Kb7 Kd7 0-1

[Event "Rapid Tournament (RAP)"]
[Site "Biel, Switzerland"]
[Date "2026.07.12"]
[Round "7.51"]
[White "Ziegler, Andrin"]
[Black "Gireada, Lucas"]
[Result "0-1"]
[TimeControl "15 + 5"]
[WhiteTitle "-"]
[BlackTitle "-"]
[WhiteFideId "1364138"]
[BlackFideId "1373544"]
[WhiteElo "1730"]
[BlackElo "1837"]

1. d4 Nf6 2. c4 g6 3. Nf3 Bg7 4. g3 d5 5.
Bg2 O-O 6. O-O c6 7. Nc3 Re8 8. cxd5 cxd5 9. h4 Nc6 10. Bf4 Ne4 11. e3 Nf6 12. Qb3 a6 13. Nd2 e6 14. Rfe1 Nh5 15.
Ne2 Nxf4 16. Nxf4 Na5 17. Qc2 Bd7 18. Rac1 Rc8 19. Qb1 Qb6 20. Bh3 Qd6 21. b4 Nc6 22.
a3 e5 23. Bxd7 Qxd7 24. dxe5 Nxe5 25. Rxc8 Rxc8 26. Rc1 h6 27. Kg2 Rc6 28. Rxc6 Qxc6 29. Kh2 b5 30. Qb3 Nc4 31. Nxc4 dxc4 32.
Qc2 c3 33. Ne2 Qd6 34. Nxc3 Qc6 35. e4 Qxc3 36. Qxc3 Bxc3 37. Kg2 Bb2 38. a4 bxa4 0-1

[Event "Rapid Tournament (RAP)"]
[Site "Biel, Switzerland"]
[Date "2026.07.12"]
[Round "7.53"]
[White "Jaussi, Kevin"]
[Black "Gheorghiu, Gabriel-Ion"]
[Result "0-1"]
[TimeControl "15 + 5"]
[WhiteTitle "-"]
[BlackTitle "-"]
[WhiteFideId "1324721"]
[BlackFideId "1248820"]
[WhiteElo "1859"]
[BlackElo "1679"]

1. d4 d5 2. Bf4 c6 3. e3 e6 4.
Nf3 f5 5. h3 Nf6 6. Nbd2 Bd6 7. Ne5 O-O 8. Bd3 Ne4 9. c3 Bc7 10. O-O Nd7 11.
Ndf3 Nxe5 12. Bxe5 Bd6 0-1

[Event "Rapid Tournament (RAP)"]
[Site "Biel, Switzerland"]
[Date "2026.07.12"]
[Round "7.54"]
[White "Gast, Michael"]
[Black "Gaier, Walter"]
[Result "0-1"]
[TimeControl "15 + 5"]
[WhiteTitle "-"]
[BlackTitle "-"]
[WhiteFideId "1373196"]
[BlackFideId "1310186"]
[WhiteElo "1682"]
[BlackElo "1832"]

1. e4 c5 2. a3 b6 3. Nc3 Bb7 4. Nf3 Nc6 5. d4 cxd4 6. Nxd4 g6 7. Nxc6 dxc6 8. Be3 Bg7 9. Be2 Qc7 10.
Qc1 h5 11. O-O Nf6 12. Bd4 Ng4 13. Bxg4 hxg4 14. e5 c5 15. Be3 Bxe5 16. g3 Qc6 17. f3 gxf3 18. Bf4 Bd4+ 19. Be3 f2+ 20.
Kxf2 Rxh2+ 21. Ke1 Qg2 22. Qd2 Qxg3+ 23. Bf2 Qe5+ 24. Qe2 Bxc3+ 25. bxc3 Qxc3+ 26. Qd2 Qxa1+ 27. Ke2 Ba6+ 28. Kf3 Qxf1 29.
Qd5 Qh1+ 0-1

[Event "Rapid Tournament (RAP)"]
[Site "Biel, Switzerland"]
[Date "2026.07.12"]
[Round "8.1"]
[White "Kozak, Adam"]
[Black "Bu, Xiangzhi"]
[Result "1-0"]
[TimeControl "15 + 5"]
[WhiteTitle "-"]
[BlackTitle "-"]
[WhiteFideId "753246"]
[BlackFideId "8601445"]
[WhiteElo "2592"]
[BlackElo "2583"]

1. Nf3 Nf6 2. b3 d6 3. d4 g6 4.
Bb2 Bg7 5. g3 O-O 6. Bg2 e5 7. dxe5 Nfd7 8. Nc3 dxe5 9. Qd2 Nb6 10. O-O-O Qxd2+ 11. Nxd2 Na6 12. a4 c6 13. a5 Nd7 14.
Nde4 f5 15. Nd6 Ndc5 16. e3 Be6 17. Ba3 e4 18. Ne2 Rfd8 19. Nf4 Bf8 20. Bxc5 Nxc5 21. Nxb7 Nxb7 22. Nxe6 Ba3+ 23. Kb1 Rxd1+ 24. Rxd1 Re8 25. a6 Nd6 26.
Nd4 c5 27. Ka2 Bb4 28. Nc6 Nb5 29. Rd7 Re6 30. Nxb4 1-0

[Event "Rapid Tournament (RAP)"]
[Site "Biel, Switzerland"]
[Date "2026.07.12"]
[Round "8.2"]
[White "Alexakis, Dimitris"]
[Black "Ganguly, Surya Shekhar"]
[Result "1-0"]
[TimeControl "15 + 5"]
[WhiteTitle "-"]
[BlackTitle "-"]
[WhiteFideId "4277023"]
[BlackFideId "5002150"]
[WhiteElo "2518"]
[BlackElo "2545"]

1. e4 c5 2. Nf3 d6 3.
d4 cxd4 4. Nxd4 Nf6 5. f3 Nc6 6. c4 e6 7.
Nc3 Be7 8. Be3 O-O 9. Qd2 d5 10. exd5 exd5 11. O-O-O Nxd4 12. Bxd4 Be6 13. g4 dxc4 14. g5 Nd5 15. h4 Bb4 16.
h5 Nxc3 17. bxc3 Be7 18. g6 fxg6 19. hxg6 h6 20. Kb2 Bf6 21. Qe3 Bxd4 22. Qxe6+ 1-0

[Event "Rapid Tournament (RAP)"]
[Site "Biel, Switzerland"]
[Date "2026.07.12"]
[Round "8.3"]
[White "Aronyak, Ghosh"]
[Black "Maier, Christian"]
[Result "1-0"]
[TimeControl "15 + 5"]
[WhiteTitle "-"]
[BlackTitle "-"]
[WhiteFideId "25072846"]
[BlackFideId "4601955"]
[WhiteElo "2482"]
[BlackElo "2314"]

1. d4 Nf6 2. c4 e6 3. Bf4 d5 4. Nc3 a6 5. c5 Nc6 6. e3 b6 7. b4 Bd7 8. a3 g6 9. Nf3 Nh5 10.
Bg5 Be7 11. Bh6 Bf8 12. Bxf8 Kxf8 13. Bd3 f5 14. Qe2 b5 15. O-O Kg7 16. Qb2 Rb8 17. Ne2 g5 18. Ne5 Nf6 19. Qc3 Rf8 20.
f3 h5 21. Qd2 h4 22. Rae1 Nxe5 23. dxe5 Ng8 24. Nd4 Ne7 25. e4 dxe4 26. fxe4 f4 27. Qa2 Nc6 28. Nxc6 Bxc6 29. Qxe6 Qxd3 30. Qxc6 Qd4+ 31. Kh1 Qxe5 32. Rd1 Rbd8 33. h3 f3 34. gxf3 Rf6 35. Rd7+ Kg6 36.
Qxc7 Qxc7 37. Rxc7 Rd3 38. Kg2 Rxa3 39. Rd7 Rc3 40. Rd4 Re6 41. Rfd1 a5 42. Rd6 Kf6 43. bxa5 Rxc5 44. Rxe6+ Kxe6 45. Ra1 Rc2+ 46. Kf1 Rc7 47. Ke2 Kd6 48. a6 Ra7 49. Ke3 Kc5 50. e5 b4 51. Kd3 Kd5 52. Ra5+ Ke6 53.
Kc4 Kf5 54. e6+ Kxe6 55. Kxb4 Kd5 1-0

[Event "Rapid Tournament (RAP)"]
[Site "Biel, Switzerland"]
[Date "2026.07.12"]
[Round "8.4"]
[White "Arjun, Kalyan"]
[Black "Ghosh, Diptayan"]
[Result "0-1"]
[TimeControl "15 + 5"]
[WhiteTitle "-"]
[BlackTitle "-"]
[WhiteFideId "35018701"]
[BlackFideId "5045207"]
[WhiteElo "2390"]
[BlackElo "2480"]

1. e4 e5 2. Nf3 Nc6 3. Bb5 a6 4.
Ba4 Bc5 5. c3 Nge7 6. d4 exd4 7. cxd4 Bb4+ 8. Nc3 d5 9. e5 Bg4 10. a3 Ba5 11. Be3 Qd7 12. h3 Bh5 13. Bc2 Bb6 14. Ne2 Bg6 15. Ba4 O-O 16. Nh4 Be4 17. f3 Bg6 18.
O-O f6 19. exf6 Rxf6 20. g4 Re8 21. Bf2 Nc8 22. Nc3 Bf7 23. Qd3 Nd6 24. Bc2 Rh6 25. Rae1 Rxe1 26. Rxe1 Rxh4 27. Bxh4 Bg6 28. Qd1 Bxc2 29. Qxc2 Nxd4 30.
Qd3 Nxf3+ 31. Kh1 Nxe1 32. Qxd5+ Qf7 33. Bxe1 c6 34. Qxf7+ Kxf7 35. b3 Nb5 36. Ne4 Nxa3 37. Nd6+ Ke6 38. Nxb7 Nc2 39. Bc3 Nd4 40. Na5 Bxa5 41. Bxd4 g6 42. Kg2 Kd5 43. Bg7 Ke4 44. h4 Kf4 45. Kh3 Bc7 46. Bf6 Be5 47.
Be7 Bd4 48. h5 g5 49. Bd6+ Kf3 50. h6 c5 51. Be7 Be3 52.
Bd8 Ke4 53. Kg2 Bf4 54. Be7 Kd4 55.
Kf3 a5 56. Bf6+ Kd3 57. Be7 Kc3 58.
Bxc5 Kxb3 59. Ke4 a4 60. Kf5 Bd2 61. Kf6 Bb4 62. Bxb4 Kxb4 63. Kg7 a3 64. Kxh7 a2 65. Kg8 a1=Q 66. h7 Qa8+ 67.
Kg7 Qb7+ 68. Kg8 Qc8+ 69. Kg7 Qxg4 0-1

[Event "Rapid Tournament (RAP)"]
[Site "Biel, Switzerland"]
[Date "2026.07.12"]
[Round "8.5"]
[White "Filipovic, Branko"]
[Black "Acs, Peter"]
[Result "0-1"]
[TimeControl "15 + 5"]
[WhiteTitle "-"]
[BlackTitle "-"]
[WhiteFideId "14507951"]
[BlackFideId "708020"]
[WhiteElo "2279"]
[BlackElo "2474"]

1. d4 Nf6 2. Bf4 d6 3. Nc3 Nbd7 4. Nf3 g6 5. e4 Bg7 6. Qd2 c5 7. Bh6 Bxh6 8. Qxh6 cxd4 9. Nxd4 Qa5 10.
O-O-O Ne5 11. Bb5+ Bd7 12. Bxd7+ Nexd7 13. Nb3 Qb6 14. f3 Rc8 15. Kb1 a5 16. g4 Rxc3 17. bxc3 a4 18. g5 Nh5 19.
Rd4 axb3 20. axb3 Ne5 21. h3 Nxf3 22. Ra4 Kd7 23. Rb4 Qc6 24. Kb2 b5 25. Ra1 Qc5 26. Ra5 Rc8 27. Rc4 bxc4 28. Rxc5 dxc5 29. Qxh7 Ke6 30. b4 Nd2 0-1

[Event "Rapid Tournament (RAP)"]
[Site "Biel, Switzerland"]
[Date "2026.07.12"]
[Round "8.6"]
[White "Gopal, G.N."]
[Black "Cao, Qingfeng"]
[Result "1/2-1/2"]
[TimeControl "15 + 5"]
[WhiteTitle "-"]
[BlackTitle "-"]
[WhiteFideId "5015693"]
[BlackFideId "8627568"]
[WhiteElo "2471"]
[BlackElo "2265"]

1. e4 c6 2. d4 d5 3. e5 Bf5 4. Nd2 e6 5. Nb3 a6 6. Nf3 c5 7. dxc5 Bxc5 8. Nxc5 Qa5+ 9. c3 Qxc5 10.
Nd4 Ne7 11. Be2 Qc7 12. f4 Nbc6 13. Be3 g5 14. fxg5 Nxe5 15. O-O Nc4 16. Bf4 Qd7 17. b3 Nd6 18. c4 Be4 19. Bf3 Ndf5 20.
Nxf5 Bxf5 21. cxd5 exd5 22. Qd4 O-O 23. Rfe1 Nc6 24. Qf6 Rfe8 25. Rad1 Rxe1+ 26. Rxe1 Re8 27. Rxe8+ Qxe8 28. Kf2 Be4 29. Be2 Qe6 30. h4 Nb4 31.
a3 Nd3+ 32. Bxd3 Bxd3 33. Qd8+ Kg7 34. Be3 Qf5+ 35. Kg1 Qe5 36. Qb6 Qe7 37. h5 Bf5 38. Qd4+ Kg8 39. h6 f6 40. gxf6 Qe4 41. Qb6 Qb1+ 42.
Kh2 Qe4 43. Qxb7 Qh4+ 44. Kg1 Qe1+ 45. Kh2 1/2-1/2

[Event "Rapid Tournament (RAP)"]
[Site "Biel, Switzerland"]
[Date "2026.07.12"]
[Round "8.7"]
[White "Gloeckler, Christian"]
[Black "Balabayeva, Xeniya"]
[Result "1-0"]
[TimeControl "15 + 5"]
[WhiteTitle "-"]
[BlackTitle "-"]
[WhiteFideId "34608966"]
[BlackFideId "13719688"]
[WhiteElo "2332"]
[BlackElo "2291"]

1. e4 e5 2. Nf3 Nc6 3. Bc4 Nf6 4. d3 Be7 5.
O-O O-O 6. Nc3 d6 7. a4 a5 8. h3 h6 9. Re1 Be6 10. Nd5 Qd7 11. c3 Bd8 12. Qb3 Rb8 13. Be3 Kh7 14. Kh2 Nh5 15.
Rac1 g6 16. d4 Re8 17. Qc2 exd4 18. cxd4 Bxd5 19. exd5 Nb4 20. Qd2 g5 21. Bb5 c6 22. dxc6 bxc6 23. Be2 Ng7 24. h4 g4 25.
Ng1 Bxh4 26. g3 Bf6 27. Bxh6 Qf5 28. Be3 Ne6 29. Rxc6 Qh5+ 30. Kg2 Qd5+ 31. Kh2 Qxc6 32. Bxg4 Bg7 33.
Rc1 Qd5 34. Ne2 Rbc8 35. Nc3 Qb3 36. d5 Nc5 37. Bf5+ Kg8 38. Bh6 Ne4 39. Nxe4 Bxh6 40. Qxh6 1-0

[Event "Rapid Tournament (RAP)"]
[Site "Biel, Switzerland"]
[Date "2026.07.12"]
[Round "8.8"]
[White "Fernandes Barbosa Dos Santos, Gabriel"]
[Black "Savitha, Shri B"]
[Result "0-1"]
[TimeControl "15 + 5"]
[WhiteTitle "-"]
[BlackTitle "-"]
[WhiteFideId "1354388"]
[BlackFideId "35061887"]
[WhiteElo "2199"]
[BlackElo "2317"]

1. e4 c5 2. Nf3 e6 3. d4 cxd4 4. Nxd4 Nc6 5. Nc3 Qc7 6. Be3 a6 7. f4 b5 8. Nb3 Bb7 9. Bd3 d6 10. O-O Nf6 11.
Qf3 h5 12. Rae1 Ng4 13. Kh1 Nxe3 14. Rxe3 Be7 15. Qh3 Qb6 16. Rfe1 Nb4 17. Qg3 g6 18. f5 Nxd3 19. Rxd3 gxf5 20.
exf5 O-O-O 21. Qe3 Qxe3 22. Rexe3 Rhg8 23. Re2 b4 24. Ne4 Rg4 25. Ned2 Rdg8 26. Nf3 e5 27. Rde3 Bg5 28. h3 Rg3 29.
Nxg5 R3xg5 30. Kg1 Rxg2+ 31. Rxg2 Rxg2+ 32. Kf1 Rxc2 33. Re2 Rxe2 34. Kxe2 Bd5 35. Nc1 Bg2 36. h4 Be4 37. f6 Kd7 38. Ke3 Bb1 39. a3 bxa3 40. bxa3 Ke6 41. Ne2 d5 42. Ng3 Bg6 43. Ne2 d4+ 44. Kd2 Kxf6 45. a4 0-1